 Dungeon Crawl Stone Soup version 0.26.1-10-gdfb7c7de75 (webtiles) character file.

Game seed: 12491481470154450257

8290 Chiseanne the Destroyer (level 11, 33/68 HPs)
             Began as a Demonspawn Hedge Wizard on Apr 2, 2021.
             Was an Elder of Vehumet.
             Quit the game on level 10 of the Dungeon.
             The game lasted 00:32:46 (15027 turns).

Chiseanne the Destroyer (Demonspawn Hedge Wizard)  Turns: 15027, Time: 00:32:47

Health: 33/68      AC: 11    Str: 11    XL:     11   Next: 8%
Magic:  19/20      EV: 11    Int: 19    God:    Vehumet [****..]
Gold:   536        SH:  4    Dex: 12    Spells: 13/22 levels left

rFire    + . .     SeeInvis .   s - +0 hand axe (elec)
rCold    . . .     Faith    .   j - +0 buckler
rNeg     . . .     Spirit   .   n - +2 leather armour {rPois}
rPois    +         Reflect  .   E - +2 hood of the Assassin {Detection Stab+ Stlth++}
rElec    .         Harm     .   (no cloak)
rCorr    .         Rampage  .   (no gloves)
Will     .....                  (no boots)
Stlth    +++.......             (no amulet)
HPRegen  0.21/turn              u - ring of protection from fire
MPRegen  0.17/turn              (no ring)

@: no status effects
A: hooves 2, iridescent scales 2, powered by death 1, spiny 1
a: Renounce Religion


You were on level 10 of the Dungeon.
You worshipped Vehumet.
Vehumet was greatly pleased with you.
You visited 2 branches of the dungeon, and saw 11 of its levels.

You collected 536 gold pieces.

Inventory:

Hand Weapons
 a - a +3 dagger of freezing
 s - a +0 hand axe of electrocution (weapon)
 t - a +2 scimitar of flaming
 x - the +9 staff of Olgreb {rPois∞}
   (You found it on level 6 of the Dungeon)

   It grants immunity to poison.
 N - a +2 morningstar of protection
Missiles
 b - 166 arrows
 e - 17 poisoned darts (quivered)
 f - 30 bolts
 i - 90 sling bullets
 l - 17 boomerangs
 r - a throwing net
Armour
 g - a +0 hat of willpower
 j - a +0 buckler (worn)
 n - a +2 leather armour of poison resistance (worn)
 q - a +2 leather armour of cold resistance
 E - the +2 hood of the Assassin (worn) {Detection Stab+ Stlth++}
   (You found it on level 7 of the Dungeon)

   It makes you much more stealthy.
 F - +0 acid dragon scales
Magical Staves
 y - an uncursed staff of conjuration
Jewellery
 u - a ring of protection from fire (left hand)
Wands
 d - a wand of random effects (27)
 h - a wand of flame (35)
 v - a wand of digging (5)
 J - a wand of acid (3)
 M - a wand of enslavement (8)
Scrolls
 c - 2 scrolls of fog
 k - 3 scrolls of fear
 o - 2 scrolls of immolation
 A - 4 scrolls of remove curse
 B - 3 scrolls of teleportation
 I - a scroll of amnesia
 K - a scroll of identify
 L - a scroll of blinking
 O - a scroll of enchant weapon
Potions
 m - a potion of mutation
 p - 3 potions of curing
 w - 2 potions of cancellation
 z - 2 potions of flight {unknown}
 C - 3 potions of resistance {unknown}
 D - a potion of might {unknown}
 G - a potion of heal wounds
 H - a potion of berserk rage {unknown}


   Skills:
 - Level 1.7 Dodging
 - Level 1.7 Stealth
 * Level 3.3 Shields
 * Level 6.4 Spellcasting
 - Level 11.6 Conjurations
 - Level 1.0 Summonings
 - Level 3.5 Translocations
 - Level 5.0 Air Magic
 - Level 5.0 Poison Magic
 * Level 5.4 Evocations


You had 13 spell levels left.
You knew the following spells:

 Your Spells              Type           Power        Failure   Level
a - Magic Dart            Conj           100%         1%          1
b - Stone Arrow           Conj/Erth      56%          1%          3
c - Blink                 Tloc           N/A          5%          2
d - Mephitic Cloud        Conj/Pois/Air  33%          1%          3

Your spell library contained the following spells:

 Spells                   Type           Power        Failure   Level
 Fulminant Prism          Conj/Hex       14%          4%          4
 Conjure Flame            Conj/Fire      28%          1%          3
 Call Imp                 Summ           9%           16%         2
 Slow                     Hex            6%           24%         2


Dungeon Overview and Level Annotations

Branches:
Dungeon (10/15)            Temple (1/1) D:5             Orc (0/2) D:10
   Lair: D:8-11

Altars:
Ashenzari
Cheibriados
Dithmenos
Elyvilon
Fedhas
Gozag
Hepliaklqana
Kikubaaqudgha
Makhleb
Nemelex Xobeh
Okawaru
Qazlal
Ru
Sif Muna
Trog
Uskayaw
Vehumet
Wu Jian
Xom
Yredelemnul
Zin
The Shining One
Beogh

Annotations:
D:3 2 transporters
D:6 3 runed translucent doors, vesperbot's ghost, novice TrHu
D:8 Gastronok


Innate Abilities, Weirdness & Mutations

You have hoof-like feet.
You are mostly covered in iridescent scales. (AC +4)
You regenerate a little health from kills.
You are partially covered in sharp spines.


Message History

That beam is likely to hit you.
Continue anyway? [Y]es or [N]o only, please.
That beam is likely to hit you.
Continue anyway?
Okay, then.
Unknown command.
Unknown command.
Unknown command.
Unknown command.
A death knight comes into view. It is wielding a +3 broad axe.
Casting: Magic Dart (safe; 1% risk of failure)
Confirm with . or Enter, or press ? or * to list all spells.
Aiming: Magic Dart (safe; 1% risk of failure)
Press: ? - help, Shift-Dir - straight line, f - death knight
Aim: a death knight, wielding a +3 broad axe and wearing a +0 plate armour (wandering, hasn't noticed you, 0% to evade)
The magic dart hits the death knight.
The death knight is lightly wounded.
The death knight shouts!
The death knight invokes the aid of Yredelemnul against you.
Your body is wracked with pain!
Are you sure you want to abandon this character and quit the game? (Confirm with "yes".)

.# #..# .# #..# .#
#..# .# #..#
.##############..#
.)...............#
.................#
..........)......#
###############.@#
#).# #).# #..#
########..# .
..........# #
########..# #.p#
#..#


You could see a death knight.

Vanquished Creatures
  2 two-headed ogres
  A tengu warrior (D:10)
  A deep elf mage (D:10)
  Joseph (D:8)
  Maggie (D:6)
  2 trolls
  A soldier ant (D:6)
  3 water moccasins (D:6)
  2 sky beasts (D:5)
  2 orc warriors
  An eye of draining (D:10)
  2 phantoms
  5 ogres
  3 centaurs
  Blork the orc (D:6)
  2 bullfrogs
  3 scorpions
  14 killer bees
  10 wights
  4 howler monkeys
  A vampire bat (D:7)
  A centaur zombie (D:9)
  A bullfrog zombie (D:6)
  6 hounds
  10 orc priests
  A centaur skeleton (D:4)
  A jelly (D:5)
  Ijyb (D:5)
  3 iguanas
  14 worker ants
  9 orc wizards
  A hound zombie (D:6)
  A worker ant zombie (D:8)
  A howler monkey skeleton (D:9)
  6 gnolls
  12 adders
  A shadow imp (D:5)
  4 white imps
  8 ufetubi
  An adder skeleton (D:9)
  A worm (D:5)
  2 dart slugs (D:1)
  6 leopard geckos
  38 orcs
  5 bats
  2 bat skeletons (D:7)
  3 bat zombies (D:7)
  2 giant cockroaches (D:2)
  5 goblins
  7 hobgoblins
  14 jackals
  8 quokkas
  A ball python (D:6)
  3 frilled lizards
  A giant cockroach zombie (D:6)
  6 kobolds
  A leopard gecko zombie (D:5)
  2 rats
251 creatures vanquished.

Vanquished Creatures (collateral kills)
  2 soldier ants (D:6)
2 creatures vanquished.

Vanquished Creatures (others)
  A worker ant (D:6)
  6 plants (D:2)
7 creatures vanquished.

Grand Total: 260 creatures vanquished

Notes
Turn   | Place    | Note
-------+----------+-------------------------------------------
     0 | D:1      | Chiseanne the Demonspawn Hedge Wizard began the quest for
                  | the Orb.
     0 | D:1      | Reached XP level 1. HP: 13/13 MP: 4/4
   477 | D:1      | Gained mutation: You are partially covered in iridescent
                  | scales. (AC +2) [demonic ancestry]
   477 | D:1      | Reached XP level 2. HP: 19/19 MP: 0/6
  1406 | D:1      | Reached skill level 2 in Conjurations
  1662 | D:1      | Learned a level 2 spell: Blink
  1739 | D:2      | Reached XP level 3. HP: 18/24 MP: 5/8
  1870 | D:2      | Learned a level 3 spell: Mephitic Cloud
  2162 | D:2      | Found a sparkling altar of Nemelex Xobeh.
  2849 | D:2      | Found a faded altar of an unknown god.
  3298 | D:3      | Found a transporter.
  3300 | D:3      | Noticed a bullfrog
  3441 | D:3      | Found a white marble altar of Elyvilon.
  3441 | D:3      | Found a transporter.
  3499 | D:3      | Gained mutation: You are mostly covered in iridescent
                  | scales. (AC +4) [demonic ancestry]
  3499 | D:3      | Reached XP level 4. HP: 30/30 MP: 5/9
  3593 | D:3      | Reached skill level 1 in Poison Magic
  3695 | D:3      | Reached skill level 1 in Air Magic
  4211 | D:2      | Found a shimmering blue altar of Sif Muna.
  4669 | D:3      | Reached skill level 3 in Conjurations
  4833 | D:3      | Reached XP level 5. HP: 35/35 MP: 1/10
  4978 | D:4      | Found an iron altar of Okawaru.
  5573 | D:4      | Gained mutation: You are partially covered in sharp spines.
                  | [demonic ancestry]
  5573 | D:4      | Reached XP level 6. HP: 38/41 MP: 3/11
  5911 | D:4      | Reached skill level 4 in Conjurations
  6309 | D:5      | Entered Level 5 of the Dungeon
  6464 | D:5      | Gained mutation: You have large cloven feet. [demonic
                  | ancestry]
  6464 | D:5      | Reached XP level 7. HP: 19/46 MP: 12/12
  6712 | D:5      | Noticed Ijyb
  6755 | D:5      | Killed Ijyb
  6887 | D:5      | Found a staircase to the Ecumenical Temple.
  6901 | Temple   | Entered the Ecumenical Temple
  7112 | Temple   | Became a worshipper of Vehumet
  7297 | D:5      | Reached skill level 5 in Conjurations
  7764 | D:5      | Gained mutation: You regenerate a little health from kills.
                  | [demonic ancestry]
  7764 | D:5      | Reached XP level 8. HP: 41/52 MP: 7/13
  7800 | D:5      | Reached skill level 5 in Poison Magic
  8444 | D:6      | Noticed Blork the orc
  8455 | D:6      | Killed Blork the orc
  8490 | D:6      | Reached skill level 6 in Conjurations
  8490 | D:6      | Reached skill level 5 in Air Magic
  8499 | D:6      | Noticed Maggie
  8607 | D:6      | Killed Maggie
  8608 | D:6      | Reached skill level 7 in Conjurations
  8699 | D:6      | Found a runed translucent door.
  8702 | D:6      | Found a runed translucent gate.
  8702 | D:6      | Found a runed translucent gate.
  8818 | D:6      | Found a runed translucent gate.
  8955 | D:6      | Found a runed translucent door.
  8964 | D:6      | Found the +9 staff of Olgreb {rPois∞}
  9040 | D:6      | Reached skill level 8 in Conjurations
  9327 | D:6      | Reached * piety under Vehumet
  9327 | D:6      | Offered knowledge of Sandblast by Vehumet.
  9328 | D:6      | Reached XP level 9. HP: 25/52 MP: 8/14
  9685 | D:6      | Reached skill level 9 in Conjurations
  9757 | D:6      | Found a runed translucent gate.
  9757 | D:6      | Noticed vesperbot's ghost (novice TrHu)
  9758 | D:6      | Found a runed translucent gate.
  9758 | D:6      | Identified the +1 plate armour of Precision Catastrophes
                  | {rPois Str+6 Stlth-}
  9759 | D:6      | Found a runed translucent gate.
  9759 | D:6      | Found a roughly hewn altar of Beogh.
 10088 | D:7      | HP: 2/51 [wight/+2 halberd (3)]
 10974 | D:7      | Found a snail-covered altar of Cheibriados.
 11222 | D:7      | Reached skill level 10 in Conjurations
 11330 | D:7      | Found an ancient bone altar of Kikubaaqudgha.
 11334 | D:7      | Found the +2 hood of the Assassin {Detection Stab+ Stlth++}
 11593 | D:6      | Reached skill level 11 in Conjurations
 11596 | D:6      | Offered knowledge of Shock by Vehumet.
 11600 | D:6      | Reached ** piety under Vehumet
 11804 | D:8      | Noticed Joseph
 11830 | D:8      | Killed Joseph
 11831 | D:8      | Reached skill level 1 in Translocations
 11831 | D:8      | Reached skill level 1 in Evocations
 11831 | D:8      | Reached XP level 10. HP: 49/63 MP: 2/16
 12371 | D:8      | Noticed Gastronok
 12597 | D:9      | Found an opulent altar of Gozag.
 12812 | D:9      | Offered knowledge of Stone Arrow by Vehumet.
 12818 | D:9      | Learned a level 3 spell: Stone Arrow
 12886 | D:9      | Noticed a two-headed ogre
 12903 | D:10     | Entered Level 10 of the Dungeon
 13385 | D:9      | Killed a two-headed ogre
 13386 | D:9      | Reached skill level 5 in Spellcasting
 13580 | D:9      | Found a shimmering altar of Xom.
 13601 | D:9      | Reached *** piety under Vehumet
 14307 | D:9      | Offered knowledge of Airstrike by Vehumet.
 14324 | D:10     | Reached skill level 1 in Shields
 14539 | D:10     | Found a staircase to the Orcish Mines.
 14579 | D:10     | Reached **** piety under Vehumet
 14659 | D:10     | Offered knowledge of Fulminant Prism by Vehumet.
 14835 | D:10     | Noticed a tengu warrior
 14854 | D:10     | Noticed a deep elf mage
 14861 | D:10     | Killed a tengu warrior
 14862 | D:10     | Reached skill level 5 in Evocations
 14864 | D:10     | Killed a deep elf mage
 14866 | D:10     | Noticed a two-headed ogre
 14877 | D:10     | Killed a two-headed ogre
 14878 | D:10     | Gained mutation: You have hoof-like feet. [demonic
                  | ancestry]
 14878 | D:10     | Reached XP level 11. HP: 32/68 MP: 5/20
 15025 | D:10     | Noticed a death knight
 15027 | D:10     | Quit the game

Illustrated notes

Levels and vault maps discovered:
D:1:      nicolae_arrival_washed_ashore, layout_loops_ring, minmay_misc_feat_x,
          hangedman_decor_push
D:2:      layout_basic, old_standard_altar, lemuel_crystal_altar,
          chequers_ecumenical_altar_lobes, kennysheep_generic_room_4
D:3:      layout_basic, gammafunk_temple_overflow_arena
D:4:      layout_rooms, overflow_temple_1_default
D:5:      minmay_chambers_of_threes, layout_basic, minmay_temple_entry_ruins,
          uniq_ijyb
D:6:      layout_gridville, biasface_ghost_orc_armoury,
          minmay_guarded_unrand_staff_of_olgreb, uniq_maggie, uniq_blork_the_orc
D:7:      layout_loops_cross, lemuel_crystal_altar, kennysheep_vampire_church
D:8:      minmay_evil_eye, layout_loops_ring, gammafunk_ghost_nasty_kobolds,
          uniq_joseph, uniq_gastronok
D:9:      layout_basic, grunt_gozag_breadcrumbs, kennysheep_mini
D:10:     minmay_sliced_demisemicircle, layout_long_grid, lair_entry_dummy,
          hiddenorc2_lemuel, nrook_loot_triangle
Temple:   dpeg_chambers_temple

Skill      XL: |  1  2  3  4  5  6  7  8  9 10 |
---------------+-------------------------------+-----
Conjurations   | 2 3 4 5 8 11 | 11.6
Poison Magic   | 1 2 3 4 5 |  5.0
Air Magic      | 1 2 3 4 5 |  5.0
Spellcasting   | 4 6 |  6.4
Translocations | 1 3 |  3.5
Evocations     | 1 5 |  5.4
Shields        | 3 |  3.3
Dodging        | |  1.7
Stealth        | |  1.7
Summonings     | |  1.0

Action                   |  1- 3 |  4- 6 |  7- 9 | 10-12 || total
-------------------------+-------+-------+-------+-------++-------
Melee: Dagger            |     2 |       |    13 |    43 ||    58
       Short sword       |    39 |    28 |       |       ||    67
       Hand axe          |       |     8 |   132 |    52 ||   192
       Kick              |       |       |    28 |    16 ||    44
       Staff             |       |       |     3 |       ||     3
Throw: Dart              |       |     3 |    24 |    22 ||    49
       Boomerang         |       |       |     5 |     1 ||     6
 Cast: Magic Dart        |    99 |   132 |   190 |   170 ||   591
       Mephitic Cloud    |       |     4 |    23 |    27 ||    54
       Blink             |       |       |     1 |       ||     1
       Stone Arrow       |       |       |       |     5 ||     5
Evoke: Wand              |       |       |     7 |    14 ||    21
       Staff of Olgreb   |       |       |    10 |       ||    10
  Use: Scroll            |     7 |     4 |     5 |     5 ||    21
       Potion            |       |     2 |     2 |       ||     4
 Stab: Confused          |       |     2 |     9 |     5 ||    16
       Sleeping          |       |       |       |     3 ||     3
Armor: Robe              |    12 |     9 |       |       ||    21
       Skin              |       |    13 |       |       ||    13
       Leather armour    |       |     4 |    62 |    42 ||   108
Dodge: Dodged            |    50 |    38 |    86 |    48 ||   222
Block: Buckler           |       |       |       |     2 ||     2
